 Dungeon Crawl Stone Soup version 0.30-a0-738-g116ff8c4af (webtiles) character file.

Game seed: 10953959665578952716

44545 browni3141 the Unseen (level 13, -11/58 HPs)
             Began as a Felid Necromancer on Feb 3, 2023.
             Was an Initiate of Gozag.
             Shot with a bolt by a naga sharpshooter (30 damage)
             ... on level 1 of the Snake Pit.
             The game lasted 03:35:51 (45162 turns).

browni3141 the Unseen (Felid Necromancer)          Turns: 45162, Time: 03:35:52

Health: -11/58     AC:  3    Str:  6    XL:     13   Next: 96%
Magic:  12/34      EV: 26    Int: 24    God:    Gozag
Gold:   411        SH:  0    Dex: 20    Spells: 3/44 levels left
                                        Lives:  0   Deaths: 2

rFire   . . .      SeeInvis +      - Unarmed
rCold   + . .      Faith    .    (shield unavailable)
rNeg    + . .      Spirit   .    (body armour unavailable)
rPois   +          Reflect  .    (helmet unavailable)
rElec   +          Harm     .    (cloak unavailable)
rCorr   +          Rampage  .    (gloves unavailable)
Will    +....                    (boots unavailable)
Stlth   ++++++                   G - amulet of regeneration
HPRegen 1.09/turn                Z - ring "Xoonya" {rElec rPois rCorr Str+2 Slay+3}
MPRegen 0.24/turn                h - ring of the Last Mouths {Wiz rN+ Dex+3}

@: gold aura, quick
A: very small, claws 1, fangs 3, see invisible, speed 1, shaggy fur 3, stealthy
paws, no weapons or thrown items, no armour, multi-lived
a: Renounce Religion, Potion Petition, Call Merchant, Bribe Branch


You were on level 1 of the Snake Pit.
You worshipped Gozag.
Gozag was aware of your devotion.
You visited 5 branches of the dungeon, and saw 24 of its levels.
You also visited: Ossuary, Bailey, Gauntlet and Volcano.

You collected 8473 gold pieces.
You spent 5730 gold pieces at shops.
You paid 2332 gold pieces to Gozag.

Inventory:

Jewellery
 d - a ring of willpower
 h - the ring of the Last Mouths (right paw) {Wiz rN+ Dex+3}
   (You found it in a Gauntlet)

   [ring of wizardry]

   It improves your spell success rate.
   Dex:       It affects your dexterity (+3).
   rN:        It protects you from negative energy.
 E - an amulet of reflection
 G - an amulet of regeneration (around neck)
 I - a ring of protection from cold
 K - a +4 ring of protection
 L - a ring of resist corrosion
 M - a ring of poison resistance
 N - a ring of flight
 O - a ring of magical power
 P - a +6 ring of strength
 T - a ring of protection from fire
 W - a +6 ring of intelligence
 X - the ring of Impastro {Fire Dex+4}
   (You found it on level 14 of the Dungeon)

   [ring of fire]

   It enhances your fire magic.
   Dex:       It affects your dexterity (+4).
   rF:        It protects you from fire.
   rC:        It makes you vulnerable to cold.
 Y - a +6 ring of dexterity
 Z - the ring "Xoonya" (left paw) {rElec rPois rCorr Str+2 Slay+3}
   (You bought it in a shop on level 15 of the Dungeon)

   [ring of poison resistance]

   Str:       It affects your strength (+2).
   Slay:      It affects your accuracy & damage with ranged weapons and melee
   (+3).
   rElec:     It insulates you from electricity.
   rPois:     It protects you from poison.
   rCorr:     It protects you from acid and corrosion.
Wands
 v - a wand of flame (9)
 y - a wand of acid (6)
 Q - a wand of iceblast (11)
 S - a wand of charming (3)
Scrolls
 b - 5 scrolls of noise
 c - 6 scrolls of teleportation
 m - 5 scrolls of enchant armour
 n - 3 scrolls of brand weapon
 o - a scroll of silence
 r - 3 scrolls of enchant weapon
 s - 6 scrolls of vulnerability
 t - a scroll of fog
 x - a scroll of poison
 z - 3 scrolls of fear
 R - a scroll of identify
 U - a scroll of magic mapping
Potions
 a - 3 potions of magic
 e - 2 potions of brilliance
 f - 6 potions of curing
 g - 5 potions of lignification
 i - 2 potions of cancellation
 j - 4 potions of flight
 l - 5 potions of berserk rage
 p - 5 potions of might
 q - 7 potions of mutation
 w - 4 potions of invisibility
 A - 3 potions of haste
 B - 2 potions of degeneration
 C - 5 potions of attraction
 D - a potion of resistance
 H - 7 potions of ambrosia
Miscellaneous
 u - a lightning rod (inert)
 V - a condenser vane (inert)


   Skills:
 * Level 8.0 Fighting
 - Level 11.0 Dodging
 - Level 16.0 Stealth
 - Level 8.0 Unarmed Combat
 - Level 16.0 Spellcasting
 - Level 8.0 Hexes
 - Level 2.0 Summonings
 - Level 10.0 Necromancy
 - Level 10.0 Translocations
 - Level 5.0 Transmutations
 - Level 8.0 Evocations


You had 3 spell levels left.
You knew the following spells:

 Your Spells              Type           Power      Damage    Failure   Level
a - Necrotise             Necr           100%       1d9       1%          1
b - Vampiric Draining     Necr           61%        2d10      1%          3
c - Blink                 Tloc           100%       N/A       1%          2
d - Lesser Beckoning      Tloc           100%       N/A       1%          2
e - Teleport Other        Tloc           61%        N/A       1%          3
f - Agony                 Necr           61%        N/A       1%          5
g - Gell's Gravitas       Tloc           61%        N/A       1%          3
h - Dispel Undead         Necr           61%        3d21      1%          4
i - Kiss of Death         Conj/Necr      100%       2d13      1%          1
j - Apportation           Tloc           100%       N/A       1%          1
k - Slow                  Hex            100%       N/A       1%          1
l - Confusing Touch       Hex            55%        N/A       1%          3
m - Summon Guardian Gole  Hex/Summ       43%        N/A       1%          3
n - Ensorcelled Hibernat  Hex/Ice        76%        N/A       1%          2
o - Summon Forest         Summ/Tloc      24%        N/A       2%          5
p - Passwall              Tmut/Erth      25%        N/A       1%          2

Your spell library contained the following spells:

 Spells                   Type           Power      Damage    Failure   Level
 Beastly Appendage        Tmut           86%        N/A       1%          1
 Summon Small Mammal      Summ           100%       N/A       1%          1
 Momentum Strike          Conj/Tloc      86%        3d10      1%          2
 Static Discharge         Conj/Air       38%        2-4/arc   1%          2
 Wereblood                Tmut           43%        N/A       1%          2
 Call Canine Familiar     Summ           28%        N/A       1%          3
 Kindle Blastsparks       Fire/Tloc/Air  70%        2d15      1%          3
 Spider Form              Tmut/Pois      31%        N/A       1%          3
 Vhi's Electric Charge    Tloc/Air       86%        N/A       1%          3
 Swiftness                Air            19%        N/A       3%          3
 Iskenderun's Mystic Bla  Conj/Tloc      43%        2d10      1%          4
 Fulminant Prism          Conj/Hex       19%        3d10      2%          4
 Leda's Liquefaction      Hex/Erth       19%        N/A       2%          4
 Summon Mana Viper        Hex/Summ       43%        N/A       4%          5
 Silence                  Hex/Air        19%        N/A       6%          5
 Summon Ice Beast         Ice/Summ       24%        N/A       8%          4
 Arcjolt                  Conj/Air       9%         1d19      30%         5
 Lee's Rapid Deconstruct  Erth           9%         3d7*      30%         5
 Lightning Bolt           Conj/Air       9%         1d22      30%         5
 Eringya's Noxious Bog    Tmut/Pois      15%        N/A       50%         6
 Summon Cactus Giant      Summ           14%        N/A       56%         6
 Malign Gateway           Summ/Tloc      24%        N/A       58%         7
 Monstrous Menagerie      Summ           14%        N/A       98%         7
 Summon Hydra             Summ           14%        N/A       98%         7
 Spellforged Servitor     Conj/Summ      12%        N/A       99%         7
 Orb of Destruction       Conj           9%         9d6       100%        7
 Portal Projectile        Hex/Tloc       Unusable   N/A       N/A         3
 Animate Dead             Necr           Unusable   N/A       N/A         4
 Animate Armour           Summ/Erth      Unusable   N/A       N/A         4

Dungeon Overview and Level Annotations

Branches:
Dungeon (15/15)            Temple (1/1) D:7            Lair (5/5) D:11
 Shoals (0/4) Lair:2        Snake (1/4) Lair:2        Slime (0/5) Lair:5
    Orc (2/2) D:11            Elf (0/3) Orc:2        Vaults (0/5) D:13
 Depths (0/4) D:15        Ossuary (visited)          Bailey (visited)
Volcano (visited)         Gauntlet (visited)

Altars:
Ashenzari
Cheibriados
Dithmenos
Elyvilon
Fedhas
Gozag
Hepliaklqana
Kikubaaqudgha
Makhleb
Nemelex Xobeh
Okawaru
Qazlal
Ru
Sif Muna
Trog
Uskayaw
Vehumet
Wu Jian
Xom
Yredelemnul
Zin
The Shining One

Shops:
D:8 (   D:9 :   D:10 *   D:12 =   D:14 =   D:15 ==   Orc:2 [=*(

Annotations:
D:8 exclusion: downstairs
D:11 Urug
Lair:5 1 transporter
Orc:2 3 runed translucent doors, exclusion: 3 doors, Valagong's ghost, journeyman MiFi


Innate Abilities, Weirdness & Mutations

You have sharp claws.
You have razor-sharp teeth.
You have supernaturally acute eyesight. (SInv)
You cover ground quickly. (Speed+)
Your thick and shaggy fur keeps you warm. (AC +3, rC+)
Your paws help you pounce on unaware monsters.
You are incapable of wielding weapons or throwing items.
You cannot wear armour.
You gain extra lives every three experience levels.


Message History

The bolt hits you!
* * * LOW HITPOINT WARNING * * *
You hear a shout!
You feel much better. The naga misses you. The naga constricts you.
The naga sharpshooter mumbles some strange words.
The naga sharpshooter magically shoots a bolt.
The bolt hits you!
Aiming: Corrosive Bolt
Press: ? - help, Shift-Dir - straight line, f/p - naga
Aim: a naga, wielding a +0 trident (74% to hit)
The bolt of acid hits the naga!
The naga is heavily wounded.
The bolt of acid hits the naga sharpshooter!
The acid corrodes the naga sharpshooter!
The naga sharpshooter is moderately wounded.
The bolt of acid hits the naga!
The acid corrodes the naga!
The naga is heavily wounded.
The naga misses you. The naga constricts you.
Aiming: Throw Flame
Press: ? - help, Shift-Dir - straight line, f/p - naga
Aim: a naga, wielding a +0 trident (heavily wounded, covered in acid, 76% to hit)
The puff of flame hits the naga!
The naga is almost dead.
The naga completely misses you. The naga constricts you.
Unknown command.
Aiming: Corrosive Bolt
Press: ? - help, Shift-Dir - straight line, f/p - naga
Aim: a naga, wielding a +0 trident (heavily wounded, covered in acid, 74% to hit)
The bolt of acid hits the naga!!
You kill the naga!
The bolt of acid hits the naga sharpshooter!!
The naga sharpshooter seems to be corroded for longer.
The naga sharpshooter is heavily wounded.
The bolt of acid hits the naga!!
The naga seems to be corroded for longer.
You kill the naga!
The naga sharpshooter shoots a bolt.
The bolt hits you!!
Ouch! That really hurt!
You die...
Your body crumbles into a pile of gold.

#..#^##### #....#...N[#
##..#.....#####..SS.N...#
###..##....###..#.S.#.....#
#...)N...###.#..###S#...$..
#..#.#....9..#..#...###N...
##.#.#...#$.##..#.S...#...#
#...###<.#N##..##.....#####
#. ##....####$#...#.......#
.... #.##..#
#@#..####.###.# .....
#N#...# ###..#......#...
.....##.##.##
#.#.###.....#.#..
.........###
#........#.##.#...
#.#####...# #.....#)##.# .#
..
........N.######....####..#
N....#.N...#...#..###....S#
.....#........#####.#.....#
.?...##....#..#.....##....#


You could see a naga sharpshooter (corroded, ally target) and a friendly
guardian golem (summoned).

Vanquished Creatures
  Aizul (Snake:1)
  A stone giant (D:15)
  A red draconian (Volcano)
  The ghost of jasper the Cleaver, a journeyman VSBe of Trog (Lair:2)
  The ghost of baller8008 the Thaumaturge, a journeyman DECj of Dithmenos (Lair:3)
  Erolcha (D:9)
  The ghost of Nabski the Devastator, a journeyman TeFE of Hepliaklqana (Lair:5)
  10 hydras
  An ogre mage (Volcano)
  An anaconda (Snake:1)
  2 centaur warriors
  5 catoblepae
  A deep troll earth mage (D:14)
  3 boulder beetles
  2 tengu warriors (D:15)
  5 two-headed ogres
  A death knight (D:15)
  2 orc high priests (Orc:2)
  A naga sharpshooter (Snake:1)
  5 death yaks (Lair:5)
  Nergalle (D:10)
  A sixfirhy (Gauntlet)
  3 skeletal warriors
  A wizard (D:15)
  A harpy (shapeshifter) (D:13)
  7 deep elf pyromancers
  A deep elf zephyrmancer (D:14)
  2 wolf spiders (D:14)
  5 orc sorcerers
  4 orc knights
  2 phantasmal warriors (D:15)
  3 manticores
  A mana viper (Snake:1)
  2 moths of wrath (Lair:5)
  3 ugly things
  6 black mambas
  Maurice (D:13)
  4 elephants (Lair:4)
  A water nymph (Lair:2)
  The ghost of baller8008 the Chopper, a novice MiFi of Trog (D:5)
  4 torpor snails (Lair:1)
  6 cane toads
  5 rime drakes
  Psyche (D:11)
  2 freezing wraiths
  7 komodo dragons
  4 efreet
  2 kobold demonologists (D:13)
  2 polar bears
  3 trolls
  A queen bee (Lair:2)
  25 blink frogs
  6 dream sheep (Lair:5)
  Sigmund (D:5)
  A wraith (D:10)
  A shadow (D:12)
  9 slime creatures
  6 spriggans
  38 yaks
  5 fire bats (Volcano)
  11 wyverns
  A steam dragon (D:8)
  11 basilisks
  11 vampire mosquitoes
  Edmund (D:6)
  7 wargs (Orc:2)
  2 acid dragons (D:11)
  4 nagas (Snake:1)
  2 hell hounds
  20 water moccasins
  Duvessa (D:5)
  A floating eye (shapeshifter) (D:13)
  A black bear (D:5)
  4 ice beasts
  9 ogres
  23 orc warriors
  An ogre (shapeshifter) (D:13)
  6 wolves
  4 centaurs
  4 kobold brigands
  9 bullfrogs
  4 gnoll sergeants
  4 necrophages
  3 scorpions
  14 wights
  30 killer bees
  The ghost of HilariousDeathArtist the Slasher, a weakling MeRe of Hepliaklqana (D:3)
  3 howler monkeys
  2 electric eels (Lair:2)
  2 centaur zombies (Ossuary)
  5 crimson imps
  3 lava snakes (Volcano)
  5 jellies
  2 hounds
  A gnoll bouda (D:7)
  5 orc priests
  Ijyb (D:4)
  6 hell rats (Lair:5)
  2 iguanas (D:6)
  10 orc wizards
  4 mummies
  25 gnolls
  7 adders
  4 white imps
  5 ufetubi
  3 worms
  4 dart slugs
  43 orcs
  7 endoplasms
  14 goblins
  4 hobgoblins
  5 jackals
  A quokka (D:5)
  3 ball pythons
  6 bats
  2 frilled lizards (D:2)
  A goblin zombie (D:5)
  A hobgoblin zombie (D:5)
  25 kobolds
  3 rats
628 creatures vanquished.

Vanquished Creatures (collateral kills)
  A skeletal warrior (D:13)
  A hornet (Lair:3)
  A spriggan (Lair:3)
  2 orc warriors (Orc:2)
  A wolf (D:11)
  A phantom (D:6)
  3 necrophages
  Dowan (D:5)
  2 centaur zombies (Ossuary)
  An iguana (D:5)
  2 mummies (Ossuary)
  A gnoll (D:5)
  2 white imps (D:6)
  An orc (D:5)
  A bat (D:2)
  A jackal (D:5)
  2 hobgoblin zombies (Ossuary)
24 creatures vanquished.

Vanquished Creatures (others)
  A frost giant (D:14)
  An orc warlord (Orc:2)
  An ettin (D:14)
  A two-headed ogre (Volcano)
  8 death yaks (Lair:5)
  2 cyclopes (D:13)
  2 manticores
  An unseen horror (D:13)
  A rime drake (Lair:5)
  A polar bear (Lair:3)
  A blink frog (Lair:5)
  A centaur simulacrum (D:14)
  9 yaks (Lair:5)
  2 basilisks
  A warg (Orc:2)
  3 orc warriors (Orc:2)
  A killer bee (D:7)
  A centaur zombie (Ossuary)
  A scorpion zombie (D:6)
  An ogre zombie (D:4)
  An ice beast zombie (D:6)
  2 gnolls (D:8)
  An iguana zombie (D:6)
  2 orcs (D:8)
  4 gnoll zombies (D:5)
  41 fungi
  37 plants
  3 snaplasher vines (D:13)
131 creatures vanquished.

Grand Total: 783 creatures vanquished

Notes
Turn   | Place    | Note
-------+----------+-------------------------------------------
     0 | D:1      | browni3141 the Felid Necromancer began the quest for the
                  | Orb.
     0 | D:1      | Reached XP level 1. HP: 7/7 MP: 4/4
   185 | D:1      | Reached skill level 1 in Fighting
   336 | D:1      | Reached skill level 1 in Unarmed Combat
   338 | D:1      | Reached XP level 2. HP: 11/12 MP: 0/6
   898 | D:2      | Reached XP level 3. HP: 15/15 MP: 3/7
  1082 | D:2      | Learned a level 3 spell: Vampiric Draining
  1726 | D:3      | Reached XP level 4. HP: 19/19 MP: 0/9
  1731 | D:3      | Learned a level 4 spell: Animate Dead
  2080 | D:3      | Found a faded altar of an unknown god.
  2106 | D:3      | Found a runed translucent door.
  2108 | D:3      | Noticed HilariousDeathArtist's ghost (weakling MeRe)
  2148 | D:3      | Reached skill level 5 in Necromancy
  2500 | D:3      | Reached XP level 5. HP: 22/22 MP: 5/10
  2805 | D:4      | Noticed an ogre
  2847 | D:4      | Killed an ogre
  3152 | D:4      | Noticed a phantom
  3683 | D:4      | Gained mutation: You are covered in thick fur. (AC +2)
                  | [Felid growth]
  3683 | D:4      | Reached XP level 6. HP: 25/25 MP: 9/12
  3739 | D:4      | Noticed Ijyb
  3922 | D:4      | Killed Ijyb
  4065 | D:4      | Found a hazy altar of Hepliaklqana.
  4146 | D:5      | Entered Level 5 of the Dungeon
  4150 | D:5      | Learned a level 2 spell: Lesser Beckoning
  4150 | D:5      | Found a runed translucent door.
  4154 | D:5      | Noticed baller8008's ghost (novice MiFi)
  4279 | D:5      | Found a sand-covered staircase.
  4542 | D:5      | Reached skill level 1 in Translocations
  4542 | D:5      | Reached skill level 1 in Evocations
  4723 | Ossuary  | Entered an ossuary
  4768 | Ossuary  | Reached XP level 7. HP: 22/28 MP: 10/14
  4810 | Ossuary  | Learned a level 3 spell: Teleport Other
  5354 | D:5      | Found a glowing golden altar of the Shining One.
  5520 | D:5      | Noticed Sigmund
  5523 | D:5      | Killed Sigmund
  5524 | D:5      | Reached XP level 8. HP: 31/32 MP: 14/16
  5704 | D:5      | Noticed Duvessa
  5758 | D:5      | Killed Duvessa
  5759 | D:5      | Reached skill level 5 in Spellcasting
  5760 | D:5      | Noticed Dowan
  5787 | D:5      | Killed Dowan
  6557 | D:6      | Noticed Edmund
  6712 | D:6      | Killed Edmund
  7375 | D:6      | Reached XP level 9. HP: 32/35 MP: 16/19
  7631 | D:6      | Reached skill level 10 in Necromancy
  7830 | D:6      | Learned a level 5 spell: Agony
  8837 | D:7      | Found a staircase to the Ecumenical Temple.
  9024 | Temple   | Entered the Ecumenical Temple
  9167 | Temple   | Became a worshipper of Gozag Ym Sagoz the Greedy
  9299 | D:8      | Reached skill level 5 in Fighting
  9521 | D:8      | Found a flagged portal.
  9525 | D:8      | Noticed a two-headed ogre
  9532 | D:8      | Killed a two-headed ogre
  9533 | D:8      | Reached skill level 5 in Translocations
  9651 | Bailey   | Entered a bailey
  9807 | Bailey   | Reached XP level 10. HP: 39/44 MP: 2/20
  9933 | Bailey   | Identified the +2 great sword of Suef {freeze, *Corrode
                  | rElec rPois Str+7}
 10061 | Bailey   | Noticed an orc knight
 10201 | Bailey   | Killed an orc knight
 10202 | Bailey   | Reached skill level 5 in Dodging
 10202 | Bailey   | Reached skill level 5 in Stealth
 11395 | D:9      | Noticed Erolcha
 11429 | D:8      | Found Biadul Dapo's Antique Weapon Shoppe.
 11560 | D:8      | Reached skill level 5 in Evocations
 12365 | D:9      | Bought a book of Touch for 330 gold pieces
 12376 | D:9      | Found a hide-covered altar of Uskayaw.
 13027 | D:8      | Learned a level 3 spell: Gell's Gravitas
 14053 | D:8      | Learned a level 4 spell: Dispel Undead
 14686 | D:10     | Entered Level 10 of the Dungeon
 14711 | D:10     | Noticed a two-headed ogre
 14884 | D:10     | Found Rameat's Assorted Antiques.
 14887 | D:10     | Bought a metallic yellow potion for 21 gold pieces
 14887 | D:10     | Bought a wand of charming (4) for 230 gold pieces
 14887 | D:10     | Bought a blackened coral ring for 120 gold pieces
 14887 | D:10     | Bought a fizzy coppery potion for 21 gold pieces
 14887 | D:10     | Bought a scroll labelled EFUKKIO LANIAF for 24 gold pieces
 15153 | D:10     | Reached XP level 11. HP: 46/48 MP: 8/25
 15155 | D:10     | Learned a level 1 spell: Kiss of Death
 15257 | D:10     | Found a shimmering blue altar of Sif Muna.
 15645 | D:10     | Noticed a boulder beetle
 15774 | D:10     | Noticed Nergalle
 15894 | D:10     | Identified the +2 pair of gloves of the Shoals {Will-
                  | Int+4}
 16490 | D:11     | Noticed a cyan ugly thing
 16640 | D:10     | Killed a two-headed ogre
 16749 | D:11     | Found a staircase to the Orcish Mines.
 17006 | D:11     | Noticed Urug
 17269 | D:11     | Found a staircase to the Lair.
 17779 | D:11     | Learned a level 1 spell: Apportation
 17889 | D:11     | Noticed Psyche
 18462 | D:12     | Noticed a cyan ugly thing
 18521 | D:12     | Noticed an eight-headed hydra
 18843 | D:12     | Found Coxostrou's Jewellery Emporium.
 18847 | D:12     | Noticed a two-headed ogre
 18848 | D:12     | Bought a +4 ring of protection for 576 gold pieces
 18848 | D:12     | Bought a ring of resist corrosion for 320 gold pieces
 19044 | D:12     | Killed a two-headed ogre
 19096 | D:12     | Noticed a centaur warrior
 19105 | D:12     | Killed a centaur warrior
 19599 | D:11     | Killed Psyche
 19675 | Lair:1   | Entered Level 1 of the Lair of Beasts
 19780 | D:11     | HP: 2/47 [cyan ugly thing (12)]
 19782 | D:11     | Killed a cyan ugly thing
 19853 | D:11     | Reached skill level 10 in Stealth
 20423 | Lair:1   | Gained mutation: Your thick and shaggy fur keeps you warm.
                  | (AC +3, rC+) [Felid growth]
 20423 | Lair:1   | Reached XP level 12. HP: 39/48 MP: 2/26
 20647 | Lair:1   | Found a blossoming altar of Fedhas.
 21458 | Lair:1   | Noticed a five-headed hydra
 21626 | Lair:1   | Found a snail-covered altar of Cheibriados.
 21640 | Lair:1   | Reached skill level 10 in Dodging
 22140 | Lair:2   | Found a staircase to the Snake Pit.
 23170 | Lair:2   | Found a runed translucent gate.
 23172 | Lair:2   | Found a runed translucent gate.
 23172 | Lair:2   | Found a runed translucent gate.
 23219 | Lair:2   | Noticed jasper's ghost (journeyman VSBe)
 23505 | Lair:2   | Killed jasper's ghost
 23765 | D:5      | Killed baller8008's ghost
 23983 | D:3      | Killed HilariousDeathArtist's ghost
 24290 | D:8      | Found Biadul Dapo's Antique Weapon Shoppe.
 24799 | Lair:3   | Identified the +1 arbalest of Integrity {flame, rF+ rC++}
 25086 | Lair:3   | Learned a level 1 spell: Slow
 25091 | Lair:3   | Noticed a six-headed hydra
 25214 | Lair:3   | Found a runed translucent door.
 25226 | Lair:3   | Reached skill level 1 in Hexes
 25374 | Lair:3   | Noticed baller8008's ghost (journeyman DECj)
 25375 | Lair:3   | Identified the +0 trident of Spite {flame, Will+ Str+3
                  | Dex-3}
 25393 | Lair:3   | Reached skill level 5 in Unarmed Combat
 25986 | Lair:4   | Noticed a seven-headed hydra
 26084 | Lair:4   | Noticed a catoblepas
 26278 | Lair:4   | Reached skill level 5 in Hexes
 26874 | Lair:4   | Killed a seven-headed hydra
 26875 | Lair:4   | Reached skill level 10 in Spellcasting
 26875 | Lair:4   | Reached XP level 13. HP: 58/58 MP: 7/28
 27602 | Lair:5   | Entered Level 5 of the Lair of Beasts
 28261 | Lair:5   | Found a transporter.
 28421 | Orc:1    | Entered Level 1 of the Orcish Mines
 28555 | Orc:1    | Learned a level 3 spell: Confusing Touch
 28720 | D:9      | Bought a book of Beasts for 570 gold pieces
 28720 | D:9      | Bought a book of Dangerous Friends for 600 gold pieces
 28720 | D:9      | Bought a book of Spatial Translocations for 270 gold pieces
 28723 | D:9      | Learned a level 2 spell: Blink
 28727 | D:9      | Learned a level 3 spell: Summon Guardian Golem
 28782 | Orc:2    | Entered Level 2 of the Orcish Mines
 28782 | Orc:2    | Found Rapnun's General Store.
 28785 | Orc:2    | Noticed an orc warlord
 28791 | Orc:2    | Found Awes's Antique Weapon Emporium.
 28809 | Orc:2    | Reached skill level 1 in Summonings
 28846 | Orc:2    | Bought a potion of haste for 100 gold pieces
 28846 | Orc:2    | Bought a book of Burglary for 200 gold pieces
 28846 | Orc:2    | Bought a potion of haste for 100 gold pieces
 28846 | Orc:2    | Bought a potion of cancellation for 80 gold pieces
 28846 | Orc:2    | Bought a scroll of fog for 40 gold pieces
 28907 | Orc:2    | Found a dark tunnel.
 28921 | Volcano  | Entered a volcano
 29120 | Volcano  | Noticed a red draconian
 29141 | Volcano  | Killed a red draconian
 29152 | Volcano  | Found a radiant altar of Vehumet.
 29240 | Orc:2    | Paralysed by an orc sorcerer for 3 turns
 29248 | Orc:2    | Found Zaunn's Jewellery Emporium.
 29261 | Orc:2    | Found Ithyb's Antique Armour Emporium.
 29270 | Orc:2    | Found a gate leading to a gauntlet.
 29276 | Gauntlet | Entered a Gauntlet
 29276 | Gauntlet | Found a transporter.
 29276 | Gauntlet | Found a transporter.
 29361 | Gauntlet | Found a transporter.
 29378 | Gauntlet | Found a transporter.
 29378 | Gauntlet | Found a transporter.
 29380 | Gauntlet | Found a transporter.
 29380 | Gauntlet | Found a transporter.
 29381 | Gauntlet | Found a transporter.
 29385 | Gauntlet | Found a runed translucent door.
 29385 | Gauntlet | Found a runed translucent door.
 29392 | Gauntlet | Found a transporter.
 29409 | Gauntlet | Found a transporter.
 29419 | Gauntlet | Found a transporter.
 29433 | Gauntlet | Found a transporter.
 29453 | Gauntlet | Found a transporter.
 29465 | Gauntlet | Found a transporter.
 29905 | Gauntlet | Identified the ring of the Last Mouths {Wiz rN+ Dex+3}
 29918 | Gauntlet | Learned a level 2 spell: Ensorcelled Hibernation
 29926 | Gauntlet | Noticed a minotaur
 29942 | Gauntlet | Found the +1 cloak of Starlight {*Dazzle EV+4 Stlth--}
 29952 | Gauntlet | Identified the +3 dagger of Okawaru's Delight {flame,
                  | Int+5}
 29952 | Gauntlet | Identified the +1 pair of gloves of the Little Devil {rF+
                  | Str+4 Int-3}
 29955 | Gauntlet | Got the Quarto of Windy Blight
 30194 | Orc:2    | Found a staircase to the Elven Halls.
 30521 | Orc:2    | Killed an orc warlord
 30725 | Orc:2    | Found a runed translucent gate.
 30725 | Orc:2    | Found a runed translucent gate.
 30725 | Orc:2    | Found a runed translucent gate.
 30727 | Orc:2    | Noticed a merfolk javelineer
 30729 | Orc:2    | Noticed Valagong's ghost (journeyman MiFi)
 31203 | Orc:2    | Noticed a merfolk impaler
 31309 | Orc:2    | Found an iron altar of Okawaru.
 32501 | Lair:2   | Reached XP level 14. HP: 56/63 MP: 2/30
 34744 | Lair:5   | Found a staircase to the Slime Pits.
 35022 | Lair:5   | Noticed Nabski's ghost (journeyman TeFE)
 35023 | Lair:5   | Found a bloodstained altar of Trog.
 35770 | Lair:5   | Reached skill level 15 in Stealth
 36165 | Lair:5   | Identified the +1 helmet "Etwim" {Dex+2 Stlth+}
 36325 | Lair:5   | Found a transporter.
 37249 | Orc:2    | Bought a scroll of identify for 20 gold pieces
 37321 | D:9      | Bought the Anthology of the Quarry and the Voyage for 690
                  | gold pieces
 37660 | D:9      | Found Xiduin's Book Shoppe.
 37679 | D:9      | Killed Erolcha
 37717 | D:9      | Found a hide-covered altar of Uskayaw.
 38136 | D:9      | Learned a level 5 spell: Summon Forest
 38189 | D:10     | Killed Nergalle
 38358 | D:10     | Found a shimmering blue altar of Sif Muna.
 38384 | D:10     | Found Rameat's Assorted Antiques.
 39471 | D:12     | Found Coxostrou's Jewellery Emporium.
 40110 | D:13     | Noticed Maurice
 40117 | D:13     | Killed Maurice
 40262 | D:13     | Reached XP level 15. HP: 66/66 MP: 19/34
 40608 | D:13     | Found a gate to the Vaults.
 41352 | D:13     | Identified the +4 rapier "Sir Nimu" {freeze, MP+9 Int+4}
 42024 | D:14     | Found Umakokh's Jewellery Emporium.
 42032 | D:14     | Bought a +6 ring of intelligence for 504 gold pieces
 42184 | D:14     | Reached skill level 10 in Translocations
 42354 | D:14     | Noticed a frost giant
 42407 | D:14     | Killed a frost giant
 42496 | D:14     | Identified the +4 trident of Animal Spirits {holy, rPois
                  | Will+++ Str+3 Dex-5}
 42496 | D:14     | Noticed a tengu reaver
 42604 | D:14     | Identified the quicksilver dragon scales "Vutopnov" {rPois
                  | Will+ Str+3}
 42605 | D:14     | Identified the ring of Impastro {Fire Dex+4}
 42642 | D:14     | Reached skill level 15 in Spellcasting
 42774 | D:14     | Found a sparkling altar of Nemelex Xobeh.
 42808 | D:15     | Entered Level 15 of the Dungeon
 42840 | D:15     | Learned a level 2 spell: Passwall
 43119 | D:15     | Reached skill level 1 in Transmutations
 43145 | D:15     | Found a staircase to the Depths.
 43796 | D:15     | Bought the ring "Xoonya" {rElec rPois rCorr Str+2 Slay+3}
                  | for 564 gold pieces
 43800 | D:15     | Bought a ring of willpower for 350 gold pieces
 43997 | D:14     | Noticed a storm dragon
 44327 | D:14     | Found a sparkling altar of Nemelex Xobeh.
 44521 | Lair:3   | Killed baller8008's ghost
 44718 | Lair:5   | Killed from afar by Nabski's ghost
 44719 | Lair:5   | Reached XP level 14. HP: 0/63 MP: 17/34
 44773 | Lair:5   | Killed Nabski's ghost
 44785 | Lair:5   | Slain by a spriggan rider
 44786 | Lair:5   | Reached XP level 13. HP: -1/58 MP: 0/33
 44885 | Snake:1  | Entered Level 1 of the Snake Pit
 44897 | Snake:1  | Reached skill level 5 in Transmutations
 44990 | Snake:1  | Noticed Aizul
 45010 | Snake:1  | Killed Aizul
 45162 | Snake:1  | Shot with a bolt by a naga sharpshooter

Illustrated notes

Levels and vault maps discovered:
D:1:      wander_arrival_estate, layout_rooms
D:2:      layout_loops_ring
D:3:      layout_basic, gammafunk_ghost_grave, ebering_ecumenical_altar_webs,
          kennysheep_minor_cross
D:4:      layout_loops_ring, worldfamousw_hep_ancestral_shrine, uniq_ijyb
D:5:      layout_gridville, tso_altar, ebering_ghost_sewer_d,
          nicolae_ossuary_entry_giza, roderic_lattice_a,
          minmay_misc_feat_hallway, uniq_sigmund, uniq_duvessa
D:6:      layout_loops_cross, small_statue_intersection, uniq_edmund
D:7:      layout_basic, minmay_temple_entry_statues, serial_rivers,
          chequers_serial_rivers_large_a, chequers_serial_rivers_small_b,
          chequers_serial_rivers_marsh, chequers_serial_rivers_marsh
D:8:      layout_cave_pools, enter_bailey_6, serial_shops, nicolae_shop_trees
D:9:      layout_basic, mainiacjoe_overflow_brackets, nicolae_titane,
          uniq_erolcha
D:10:     layout_roguey, lemuel_tele_altar, serial_shops, kennysheep_mini,
          nrook_campfire, minmay_nine_imps, uniq_nergalle
D:11:     layout_layer_cave, hellmonk_lair_entry_icy, orc_0_dummy, uniq_psyche,
          uniq_urug
D:12:     layout_stronghold, serial_shops, nicolae_shop_hallway_stairs
D:13:     layout_rooms, david_vaults_2, minmay_starry_boxes, uniq_maurice
D:14:     minmay_tile_spiral, layout_rooms, serial_shops, shop,
          nemelex_diamond_rough_becter
D:15:     grunt_enter_depths_snipers, layout_gridville,
          minmay_misc_feat_diagonals
Temple:   regret_index_temple_chain_breaker
Lair:1:   cheibrodos_lair_river_kwai, layout_small_grid, basic_altar,
          nicolae_quartered_pool_medium, chequers_serial_rivers_room_a,
          kennysheep_snail_temple
Lair:2:   layout_roguey [special_room_bee], nicolae_shoals_entry_flooding,
          minmay_snake_entry_six_corridors, ebering_ghost_rock_garden,
          serial_bayou_shore_a, grunt_megastairs_4
Lair:3:   layout_misc_corridors, ebering_ghost_funeral_grove,
          lemuel_fruit_fields
Lair:4:   layout_regular_city, grunt_megastairs_2
Lair:5:   evilmike_catoblepas_cave, layout_cave_pods,
          minmay_slime_entry_pillars, gammafunk_ghost_wrathful_warriors,
          special_room [special_room_mythical_zoo], st_stairs_9,
          serial_bayou_shore_b, grunt_megastairs_5
Snake:1:  layout_honeycomb, st_stairs_12, uniq_rupert, uniq_aizul
Orc:1:    layout_caves
Orc:2:    grunt_orc_gardens, layout_caves, grunt_orc_garden, grunt_orc_garden,
          grunt_orc_garden, grunt_orc_garden, gammafunk_ghost_fury_of_okawaru,
          gauntlet_entry_generic, basic_altar, enter_volcano_1,
          nicolae_orc_flooded_monolith

Skill      XL: |  1  2  3  4  5  6  7  8  9 10 11 12 13 14 15 |
---------------+----------------------------------------------+-----
Fighting       | 1 5 7 8 |  8.0
Unarmed Combat | 1 2 5 8 |  8.0
Spellcasting   | 3 4 6 9 10 16 14 15 | 16.0
Necromancy     | 5 6 7 9 10 | 10.0
Translocations | 2 5 6 7 10 | 10.0
Evocations     | 2 4 5 7 8 |  8.0
Stealth        | 4 6 10 12 13 16 | 16.0
Dodging        | 4 5 9 11 | 11.0
Hexes          | 5 8 |  8.0
Summonings     | 2 |  2.0
Transmutations | 5 4 |  5.0

Action                     |  1- 3 |  4- 6 |  7- 9 | 10-12 | 13-15 || total
---------------------------+-------+-------+-------+-------+-------++-------
  Melee: Unarmed           |    13 |    52 |   171 |   449 |   494 ||  1179
         Bite              |     2 |     7 |    22 |    59 |    63 ||   153
         Punch             |     1 |     2 |     3 |    14 |    16 ||    36
   Cast: Necrotise         |    63 |    80 |   208 |   660 |   138 ||  1149
         Animate Dead      |       |     2 |     5 |       |       ||     7
         Vampiric Draining |       |       |     9 |    45 |    41 ||    95
         Agony             |       |       |     2 |    31 |    10 ||    43
         Gell's Gravitas   |       |       |       |    87 |    80 ||   167
         Teleport Other    |       |       |       |    47 |    13 ||    60
         Dispel Undead     |       |       |       |    30 |    27 ||    57
         Lesser Beckoning  |       |       |       |     1 |     3 ||     4
         Kiss of Death     |       |       |       |     3 |       ||     3
         Apportation       |       |       |       |     3 |     6 ||     9
         Slow              |       |       |       |     3 |    41 ||    44
         Ensorcelled Hiber |       |       |       |       |   286 ||   286
         Summon Guardian G |       |       |       |       |    64 ||    64
         Confusing Touch   |       |       |       |       |    26 ||    26
         Blink             |       |       |       |       |     8 ||     8
         Passwall          |       |       |       |       |     5 ||     5
         Summon Forest     |       |       |       |       |     6 ||     6
 Invoke: Call Merchant     |       |       |       |     1 |     2 ||     3
  Evoke: Wand              |       |    16 |    12 |    28 |    21 ||    77
         Lightning rod     |       |       |       |       |    15 ||    15
         Condenser vane    |       |       |       |       |     1 ||     1
    Use: Scroll            |     2 |     2 |    10 |    12 |    15 ||    41
         Potion            |       |       |       |     3 |    12 ||    15
   Stab: Sleeping          |     3 |     1 |     1 |    14 |   122 ||   141
         Distracted        |       |       |       |     2 |     9 ||    11
         Confused          |       |       |       |       |    17 ||    17
 Armour: Skin              |     2 |     5 |    20 |    61 |    68 ||   156
  Dodge: Dodged            |    20 |    58 |   201 |   708 |   808 ||  1795

Table legend: (Time is in decaauts)
 A = Elapsed time spent in this place.
 B = Non-inter-level travel time spent in this place.
 C = Inter-level travel time spent in this place.
 D = Time resting spent in this place.
 E = Time spent auto-exploring this place.
 F = Levels seen in this place.
 G = Mean time per level.
                   A        B        C        D        E       F      G
               +--------+--------+--------+--------+--------+-----+--------+
         Total |  39936 |  37436 |   2500 |   6283 |  18790 |  28 | 1426.3 |
       Dungeon |  24044 |  22566 |   1478 |   3121 |  11614 |  15 | 1602.9 |
        Temple |    123 |    115 |      8 |      0 |     84 |   1 |  123.0 |
          Lair |  11495 |  10604 |    891 |   2249 |   5538 |   5 | 2299.0 |
     Snake Pit |    242 |    242 |      0 |     53 |     72 |   1 |  242.0 |
  Orcish Mines |   1967 |   1845 |    122 |    149 |    993 |   2 |  983.5 |
       Ossuary |    245 |    245 |      0 |     38 |     32 |   1 |  245.0 |
        Bailey |    959 |    959 |      0 |    327 |    300 |   1 |  959.0 |
       Volcano |    223 |    223 |      0 |     52 |      0 |   1 |  223.0 |
      Gauntlet |    634 |    634 |      0 |    292 |    154 |   1 |  634.0 |
               +--------+--------+--------+--------+--------+-----+--------+

Top non-repeatable levels by time:
  Lair:5: 3575 daAuts
     D:9: 3203 daAuts
    D:10: 2652 daAuts
    D:11: 2433 daAuts
  Lair:4: 2413 daAuts
  Lair:2: 2225 daAuts
  Lair:1: 1884 daAuts
     D:5: 1777 daAuts
    D:12: 1748 daAuts
    D:14: 1662 daAuts
     D:7: 1631 daAuts
     D:8: 1572 daAuts
   Orc:2: 1513 daAuts
     D:6: 1398 daAuts
  Lair:3: 1395 daAuts
